 Dungeon Crawl Stone Soup version 0.30-a0-591-g3c58d2bc28 (webtiles) character file.

Game seed: 17443999242653130977

12016 OTABOTABOTAB the Devastator (level 11, -8/54 HPs)
             Began as a Deep Elf Conjurer on Jan 6, 2023.
             Was a Priest of Vehumet.
             Killed from afar by a deep elf zephyrmancer (35 damage)
             ... with a bolt of lightning
             ... on level 1 of the Orcish Mines.
             The game lasted 00:19:56 (11984 turns).

OTABOTABOTAB the Devastator (Deep Elf Conjurer)    Turns: 11984, Time: 00:19:56

Health: -8/54      AC:  7    Str:  4    XL:     11   Next: 56%
Magic:  17/39      EV: 12    Int: 28    God:    Vehumet [***...]
Gold:   581        SH:  0    Dex: 13    Spells: 26/37 levels left

rFire   . . .      SeeInvis .    o - +5 hand axe (freeze)
rCold   . . .      Faith    .    (no shield)
rNeg    . . .      Spirit   .    a - +0 robe
rPois   +          Reflect  .    j - +0 helmet
rElec   .          Harm     .    d - +2 cloak
rCorr   .          Rampage  .    t - +0 pair of gloves
Will    +....                    (no boots)
Stlth   ++                       (no amulet)
HPRegen 0.29/turn                k - ring of magical power {MP+9}
MPRegen 0.26/turn                P - ring of poison resistance {rPois, !d}

@: no status effects
A: no striking features
a: Renounce Religion


You were on level 1 of the Orcish Mines.
You worshipped Vehumet.
Vehumet was most pleased with you.
You visited 2 branches of the dungeon, and saw 11 of its levels.

You collected 581 gold pieces.

Inventory:

Hand Weapons
 o - a +5 hand axe of freezing (weapon)
   (You took it off a wight on level 7 of the Dungeon)
Missiles
 n - 2 throwing nets {!d}
 s - 126 stones
 u - 12 poisoned darts
Armour
 a - a +0 robe (worn)
 d - a +2 cloak (worn)
   (You found it on level 1 of the Dungeon)
 j - a +0 helmet (worn)
   (You found it on level 10 of the Dungeon)
 t - a +0 pair of gloves (worn)
   (You found it on level 3 of the Dungeon)
Jewellery
 k - a ring of magical power (left hand) {MP+9}
   (You found it on level 6 of the Dungeon)
 w - a ring of resist corrosion
   (You found it on level 5 of the Dungeon)
 x - a +5 ring of evasion
   (You found it on level 2 of the Dungeon)
 A - a +4 ring of protection
   (You found it on level 10 of the Dungeon)
 P - a ring of poison resistance (right hand) {rPois, !d}
   (You found it on level 4 of the Dungeon)
Wands
 p - a wand of paralysis (11)
   (You found it on level 8 of the Dungeon)
 q - a wand of flame (2)
   (You took it off Grum on level 8 of the Dungeon)
 y - a wand of roots (5)
   (You found it on level 10 of the Dungeon)
Scrolls
 r - a scroll of fog
 v - a scroll of poison
 E - a scroll of fear
 K - 2 scrolls of immolation {!r}
 O - 2 scrolls of silence
 X - a scroll of magic mapping {@r4!r}
 Y - 2 scrolls of teleportation {@r3}
Potions
 b - a potion of ambrosia {unknown}
 c - 4 potions of brilliance {unknown}
 e - a potion of lignification {unknown}
 f - a potion of flight {unknown}
 g - 3 potions of degeneration {!q}
 i - 2 potions of might {unknown}
 l - a potion of cancellation {unknown}
 m - 3 potions of curing {unknown}
 H - 4 potions of haste
 I - a potion of invisibility
 M - 2 potions of magic
 N - 2 potions of heal wounds {@q2}
 R - a potion of resistance
 U - 2 potions of mutation {!q}


   Skills:
 - Level 2.4 Dodging
 - Level 2.4 Stealth
 + Level 13.8 Spellcasting
 * Level 16.4 Conjurations
 - Level 3.0 Hexes
 - Level 3.0 Translocations


You had 26 spell levels left.
You knew the following spells:

 Your Spells              Type           Power      Damage    Failure   Level
a - Magic Dart            Conj           100%       1d8       0%          1
b - Searing Ray           Conj           100%       2d8       0%          2
c - Fulminant Prism       Conj/Hex       32%        3d15      1%          4
x - Iskenderun's Mystic   Conj/Tloc      65%        2d13      1%          4

Your spell library contained the following spells:

 Spells                   Type           Power      Damage    Failure   Level
 Stone Arrow              Conj/Erth      100%       3d13      1%          3
 Freeze                   Ice            76%        1d8       1%          1
 Dazzling Flash           Conj/Hex       100%       N/A       1%          3
 Hailstorm                Conj/Ice       60%        3d13      1%          3
 Kindle Blastsparks       Fire/Tloc/Air  48%        2d14      1%          3
 Mephitic Cloud           Conj/Pois/Air  50%        N/A       1%          3
 Lightning Bolt           Conj/Air       30%        1d47      1%          5
 Ensorcelled Hibernation  Hex/Ice        54%        N/A       2%          2
 Frozen Ramparts          Ice            38%        1d6       2%          3
 Tukima's Dance           Hex            36%        N/A       2%          3
 Airstrike                Air            9%         2d(2-18)  7%          4
 Passage of Golubria      Tloc           36%        N/A       8%          4
 Spider Form              Tmut/Pois      19%        N/A       9%          3
 Yara's Violent Unravell  Hex/Tmut       13%        3d7       11%         5
 Anguish                  Hex/Necr       13%        N/A       14%         4
 Lee's Rapid Deconstruct  Erth           9%         3d7*      19%         5
 Summon Ice Beast         Ice/Summ       19%        N/A       26%         4
 Summon Lightning Spire   Summ/Air       19%        N/A       26%         4
 Alistair's Intoxication  Tmut/Pois      12%        N/A       58%         5
 Eringya's Noxious Bog    Tmut/Pois      9%         N/A       67%         6


Dungeon Overview and Level Annotations

Branches:
Dungeon (10/15)            Temple (0/1) D:6             Orc (1/2) D:10
   Lair: D:8-11

Altars:
Dithmenos
Elyvilon
Fedhas
Gozag
Makhleb
Nemelex Xobeh
Okawaru
Vehumet
Wu Jian


Message History

An orc comes into view. It is wielding a +0 hand axe.
You now have 31/39 mp.
The deep elf zephyrmancer hits your fulminant prism with a +0 long sword!
Your fulminant prism crackles loudly.
The deep elf zephyrmancer hits your fulminant prism with a +0 long sword.
The blast of energy engulfs the deep elf zephyrmancer!!
The blast of energy engulfs the orc!!
You kill the orc!
Vehumet accepts your kill.
You hear a splash.
You hear a shout! x4
You conjure a prism of explosive energy!
A fulminant prism comes into view.
You now have 27/39 mp.
The deep elf zephyrmancer hits your fulminant prism with a +0 long sword!
Your fulminant prism crackles loudly.
The deep elf zephyrmancer gestures at you while chanting.
The bolt of lightning hits your fulminant prism!
Your fulminant prism resists.
The bolt of lightning misses you.
The blast of energy engulfs the deep elf zephyrmancer!
An orc priest comes into view. It is wielding a +0 club.
You hear a shout!
You conjure a prism of explosive energy!
A fulminant prism comes into view.
You now have 24/39 mp.
The deep elf zephyrmancer points at you and mumbles some strange words.
The bolt of lightning hits you!! x2
Ouch! That really hurt!
* * * LOW HITPOINT WARNING * * *
Your fulminant prism crackles loudly.
You hear a shout! x2
You take 49 damage, and have 5/54 hp.
MASSIVE DAMAGE!!
It was a potion of heal wounds.
You feel much better.
N - 3 potions of heal wounds The deep elf zephyrmancer gestures wildly while chanting.
The deep elf zephyrmancer blinks!
The blast of energy engulfs the deep elf pyromancer!!
The blast of energy engulfs the deep elf zephyrmancer!!!
You kill the deep elf zephyrmancer!
Vehumet accepts your kill.
You feel your power returning.
The blast of energy engulfs the orc priest!!
You kill the orc priest!
Vehumet accepts your kill.
You hear a shout! x4
You regained 19 hp, and now have 24/54 hp.
You erupt in a blast of force!
The mystic blast hits the deep elf pyromancer!
You kill the deep elf pyromancer!
Vehumet accepts your kill.
You feel your power returning.
You now have 24/39 mp.
You start resting.
An orc warrior comes into view. It is wielding a +0 scimitar.
An orc comes into view. It is wielding a +0 flail.
You regained 2 hp, and now have 26/54 hp.
You regained 2 mp, and now have 26/39 mp.
You conjure a prism of explosive energy!
A fulminant prism comes into view.
You now have 22/39 mp.
A deep elf zephyrmancer comes into view.
It is wielding a +0 short sword.
Your fulminant prism crackles loudly.
The orc warrior unwields a +0 scimitar.
The orc warrior wields a +0 arbalest.
The orc warrior shoots a bolt.
The bolt hits your fulminant prism.
The blast of energy engulfs the orc!!!
You kill the orc!
Vehumet accepts your kill.
You feel your power returning.
The blast of energy engulfs the orc warrior!!
You hear a shout! x6
You conjure a prism of explosive energy!
A fulminant prism comes into view.
The orc warrior shoots a bolt.
The bolt hits your fulminant prism!
A deep elf zephyrmancer comes into view.
It is wielding a +0 short sword.
You now have 20/39 mp.
The orc warrior shoots a bolt.
The bolt hits your fulminant prism but does no damage.
Your fulminant prism crackles loudly.
The orc warrior shoots a bolt.
The bolt hits your fulminant prism!!
The blast of energy engulfs the deep elf zephyrmancer!
You hear a shout! x3
You conjure a prism of explosive energy!
A fulminant prism comes into view.
You hear a shout!
The orc warrior shoots a bolt.
The bolt hits you!
* * * LOW HITPOINT WARNING * * *
The deep elf zephyrmancer hits your fulminant prism with a +0 short sword.
You take 17 damage, and have 11/54 hp.
MASSIVE DAMAGE!!
You now have 16/39 mp.
You feel much better.
An orc comes into view. It is wielding a +0 dagger.
The orc warrior shoots a bolt.
The bolt hits you!
The deep elf zephyrmancer points at you and mumbles some strange words.
The bolt of lightning hits your fulminant prism!
Your fulminant prism resists.
The bolt of lightning misses you. The bolt of lightning hits you!!
Ouch! That really hurt!
You die...

.. .o. #....#.# ... .>
###......##
#...#.####.##......####
......☼☼#.............#
~~~~≈~)☼##...........####
≈~≈≈≈~))##............#.##
##e##≈~)).....##.........##
#≈~......###..........##
#≈†...).@####..........#
#≈~..))....##.........##
#≈≈).*).....#........##
#≈o.e[..............##
~≈o~e#......^.......##
~~~..#.............##
.....#####........## ##
##.......## #.........#


You could see 2 deep elf zephyrmancers, an orc warrior, an orc and a friendly
fulminant prism.

Vanquished Creatures
  Erolcha (D:9)
  4 two-headed ogres
  2 deep elf zephyrmancers (Orc:1)
  2 deep elf pyromancers (Orc:1)
  Maggie (D:7)
  A troll (D:7)
  2 shadows (D:9)
  12 yaks
  Grum (D:8)
  2 steam dragons
  3 vampire mosquitoes (D:10)
  3 orc warriors
  2 black bears
  A sky beast (D:6)
  2 wolves (D:8)
  3 centaurs
  3 ogres
  A kobold brigand (D:8)
  A bullfrog (D:8)
  4 necrophages
  4 scorpions
  12 wights
  6 killer bees
  4 howler monkeys
  An electric eel (Orc:1)
  A crimson imp (D:3)
  5 hounds
  6 orc priests
  A gnoll bouda (D:8)
  A jelly (D:8)
  7 iguanas
  4 orc wizards
  16 gnolls
  7 adders
  2 shadow imps
  3 white imps
  5 dart slugs
  48 orcs
  3 bats
  7 endoplasms
  2 giant cockroaches (D:4)
  8 goblins
  8 hobgoblins
  2 jackals (D:1)
  2 quokkas
  6 ball pythons
  2 frilled lizards
  11 kobolds
  3 rats
238 creatures vanquished.

Vanquished Creatures (others)
  A butterfly (D:3)
  43 fulminant prisms
44 creatures vanquished.

Grand Total: 282 creatures vanquished

Notes
Turn   | Place    | Note
-------+----------+-------------------------------------------
     0 | D:1      | OTABOTABOTAB the Deep Elf Conjurer began the quest for the
                  | Orb.
     0 | D:1      | Reached XP level 1. HP: 10/10 MP: 6/6
   204 | D:1      | Reached XP level 2. HP: 15/15 MP: 4/8
   264 | D:1      | Found a faded altar of an unknown god.
   426 | D:1      | Reached skill level 5 in Conjurations
   747 | D:1      | Reached XP level 3. HP: 18/19 MP: 1/10
   750 | D:1      | Learned a level 2 spell: Searing Ray
  1196 | D:1      | HP: 3/19 [gnoll/+0 flail (3)]
  1418 | D:2      | Reached skill level 4 in Spellcasting
  1602 | D:2      | Reached XP level 4. HP: 24/24 MP: 6/12
  1695 | D:2      | Learned a level 4 spell: Fulminant Prism
  1799 | D:2      | Learned a level 4 spell: Iskenderun's Mystic Blast
  1850 | D:2      | Reached skill level 6 in Conjurations
  2505 | D:3      | Reached skill level 1 in Hexes
  2505 | D:3      | Reached XP level 5. HP: 25/28 MP: 1/13
  2982 | D:3      | Found a radiant altar of Vehumet.
  2987 | D:3      | Reached skill level 1 in Translocations
  2989 | D:3      | Found a burning altar of Makhleb.
  2994 | D:3      | Became a worshipper of Vehumet
  3362 | D:3      | Found a white marble altar of Elyvilon.
  3520 | D:4      | Reached skill level 5 in Spellcasting
  3520 | D:4      | Reached skill level 2 in Hexes
  3520 | D:4      | Reached XP level 6. HP: 32/32 MP: 9/15
  4007 | D:4      | Reached skill level 2 in Translocations
  4131 | D:4      | Reached skill level 7 in Conjurations
  4710 | D:4      | Reached skill level 3 in Hexes
  4808 | D:4      | Reached * piety under Vehumet
  4808 | D:4      | Offered knowledge of Shock by Vehumet.
  4809 | D:4      | Reached XP level 7. HP: 36/36 MP: 11/17
  4996 | D:5      | Entered Level 5 of the Dungeon
  5096 | D:5      | Reached skill level 3 in Translocations
  5114 | D:5      | Reached skill level 6 in Spellcasting
  5216 | D:5      | Reached skill level 8 in Conjurations
  5519 | D:5      | Reached skill level 7 in Spellcasting
  5519 | D:5      | Reached XP level 8. HP: 41/41 MP: 9/20
  5617 | D:5      | Reached skill level 9 in Conjurations
  6083 | D:5      | Found a blossoming altar of Fedhas.
  6084 | D:5      | Found an iron altar of Okawaru.
  6085 | D:5      | Found an opulent altar of Gozag.
  6128 | D:5      | Found a sparkling altar of Nemelex Xobeh.
  6348 | D:6      | Found a staircase to the Ecumenical Temple.
  7119 | D:6      | Reached skill level 10 in Conjurations
  7340 | D:7      | Reached skill level 8 in Spellcasting
  7621 | D:7      | Reached XP level 9. HP: 45/45 MP: 23/23
  7625 | D:7      | Reached skill level 11 in Conjurations
  7639 | D:7      | Reached ** piety under Vehumet
  7639 | D:7      | Offered knowledge of Foxfire by Vehumet.
  7651 | D:7      | Reached skill level 9 in Spellcasting
  7800 | D:7      | Noticed Maggie
  7919 | D:7      | Killed Maggie
  8387 | D:7      | Identified the +7 chain mail "Gekent" {Harm rC+ Regen+
                  | Int+2}
  8577 | D:7      | Noticed a troll
  8586 | D:7      | Killed a troll
  8730 | D:8      | Reached skill level 12 in Conjurations
  8902 | D:8      | Got the Discursus on Tainted Company
  9013 | D:8      | Reached skill level 10 in Spellcasting
  9171 | D:8      | Noticed Grum
  9179 | D:8      | Killed Grum
  9337 | D:8      | Found a shadowy altar of Dithmenos.
  9530 | D:8      | Offered knowledge of Ignite Poison by Vehumet.
  9543 | D:8      | Reached skill level 13 in Conjurations
  9543 | D:8      | Reached XP level 10. HP: 50/50 MP: 9/26
  9553 | D:8      | Reached skill level 11 in Spellcasting
  9895 | D:9      | Found an ornate altar of the Wu Jian Council.
  9984 | D:9      | Noticed Erolcha
  9994 | D:9      | Killed Erolcha
 10071 | D:9      | Reached skill level 14 in Conjurations
 10116 | D:9      | Reached *** piety under Vehumet
 10225 | D:9      | Noticed a two-headed ogre
 10238 | D:9      | Killed a two-headed ogre
 10239 | D:9      | Reached skill level 12 in Spellcasting
 10732 | D:10     | Entered Level 10 of the Dungeon
 10870 | D:10     | Noticed a two-headed ogre
 10875 | D:10     | Killed a two-headed ogre
 10876 | D:10     | Reached skill level 15 in Conjurations
 10978 | D:10     | Noticed a two-headed ogre
 10986 | D:10     | Killed a two-headed ogre
 10987 | D:10     | Reached XP level 11. HP: 54/54 MP: 29/29
 11081 | D:10     | Reached skill level 13 in Spellcasting
 11103 | D:10     | Offered knowledge of Stone Arrow by Vehumet.
 11391 | D:10     | Found a staircase to the Orcish Mines.
 11747 | Orc:1    | Entered Level 1 of the Orcish Mines
 11787 | Orc:1    | Noticed a deep elf zephyrmancer
 11804 | Orc:1    | Noticed a two-headed ogre
 11813 | Orc:1    | Noticed a deep elf zephyrmancer
 11815 | Orc:1    | Killed a two-headed ogre
 11817 | Orc:1    | Noticed a deep elf pyromancer
 11820 | Orc:1    | Killed a deep elf zephyrmancer
 11820 | Orc:1    | Noticed a deep elf pyromancer
 11821 | Orc:1    | Reached skill level 16 in Conjurations
 11823 | Orc:1    | Killed a deep elf pyromancer
 11960 | Orc:1    | Noticed a deep elf zephyrmancer
 11968 | Orc:1    | HP: 5/54 [deep elf zephyrmancer/bolt of lightning (28)]
 11969 | Orc:1    | Killed a deep elf zephyrmancer
 11970 | Orc:1    | Killed a deep elf pyromancer
 11978 | Orc:1    | Noticed a deep elf zephyrmancer
 11980 | Orc:1    | Noticed a deep elf zephyrmancer
 11983 | Orc:1    | HP: 11/54 [orc warrior/bolt (17)]
 11984 | Orc:1    | Killed from afar by a deep elf zephyrmancer

Illustrated notes

Levels and vault maps discovered:
D:1:      dpeg_arrival_water_temple_mockup, layout_basic,
          ebering_ecumenical_altar_rust
D:2:      layout_basic
D:3:      layout_rooms, grunt_temple_overflow_lords_of_destruction,
          nicolae_elyvilon_peaceful_grove
D:4:      layout_basic, hangedman_minor_gate_pass
D:5:      layout_cave_pools, chequers_temple_overflow_statue_of_worship,
          general_overflow_altar
D:6:      layout_basic, minmay_temple_entry_antechambers
D:7:      layout_basic, uniq_maggie
D:8:      layout_loops_ring, nicolae_dithmenos_through_a_glass_darkly, uniq_grum
D:9:      layout_basic, nzn_wu_jian_council_hall, uniq_erolcha
D:10:     layout_loops_ring, david_orc_2, minmay_fractal_squares_gapless_5
Orc:1:    layout_diamond_mine, elves_outpost_lemuel

Skill      XL: |  1  2  3  4  5  6  7  8  9 10 11 |
---------------+----------------------------------+-----
Conjurations   | 5 6 7 8 10 13 15 16 | 16.4
Spellcasting   | 4 5 7 8 10 12 13 | 13.8
Hexes          | 1 2 3 |  3.0
Translocations | 1 2 3 |  3.0
Dodging        | |  2.4
Stealth        | |  2.4

Action                   |  1- 3 |  4- 6 |  7- 9 | 10-12 || total
-------------------------+-------+-------+-------+-------++-------
Melee: Whip              |     4 |     5 |       |       ||     9
       Falchion          |       |     2 |     2 |     1 ||     5
Throw: Stone             |    10 |       |       |       ||    10
 Cast: Magic Dart        |    54 |    87 |    97 |    10 ||   248
       Searing Ray       |     3 |    18 |    51 |    18 ||    90
       Iskenderun's Myst |       |     4 |    25 |    27 ||    56
       Fulminant Prism   |       |       |    13 |    32 ||    45
  Use: Scroll            |       |       |    13 |     2 ||    15
       Potion            |       |       |       |     2 ||     2
Armor: Robe              |     5 |     7 |     3 |     2 ||    17
Dodge: Dodged            |    12 |    25 |    25 |    15 ||    77

Table legend: (Time is in decaauts)
 A = Elapsed time spent in this place.
 B = Non-inter-level travel time spent in this place.
 C = Inter-level travel time spent in this place.
 D = Time resting spent in this place.
 E = Time spent auto-exploring this place.
 F = Levels seen in this place.
 G = Mean time per level.
                   A        B        C        D        E       F      G
               +--------+--------+--------+--------+--------+-----+--------+
         Total |  11991 |  11648 |    343 |   1874 |   8529 |  11 | 1090.1 |
       Dungeon |  11883 |  11541 |    342 |   1866 |   8492 |  10 | 1188.3 |
  Orcish Mines |    107 |    107 |      0 |      8 |     37 |   1 |  107.0 |
               +--------+--------+--------+--------+--------+-----+--------+

Top non-repeatable levels by time:
     D:4: 1813 daAuts
     D:7: 1518 daAuts
     D:1: 1411 daAuts
     D:6: 1162 daAuts
    D:10: 1145 daAuts
     D:2: 1079 daAuts
     D:8: 1019 daAuts
     D:3: 991 daAuts
     D:5: 881 daAuts
     D:9: 860 daAuts
   Orc:1: 107 daAuts

Table legend:
 A = Kills in this place as a percentage of kills in entire the game.
 B = Kills by you in this place as a percentage of kills by you in the entire game.
 C = Kills by friends in this place as a percentage of kills by friends in the entire game.
 D = Other kills in this place as a percentage of other kills in the entire game.
 E = Experience gained in this place as a percentage of experience gained in the entire game.
 F = Experience gained in this place divided by the number of levels of this place that you have seen.
                   A       B       C       D       E      F
               +-------+-------+-------+-------+-------+----------------------
         Total | 100.0 | 100.0 |   N/A |   N/A | 100.0 | 1560.5
       Dungeon |  93.3 |  93.3 |   N/A |   N/A |  77.7 | 1333.6
  Orcish Mines |   6.7 |   6.7 |   N/A |   N/A |  22.3 | 3830.0
               +-------+-------+-------+-------+-------+----------------------
